AoeStats
← ITA | MarknighT

Arabian Desert

509381085Analyzed
1v1 RM · 6d ago on Sep 26, 2026· 18m 20s· 2 players
Game mode
Random Map
Map size
Tiny (2 player)
Population
200
Speed
Normal
Resources
Standard
Victory
Conquest
Starting age
Dark Age
Ending age
Imperial Age
RankedLock teamsTeams togetherTeam positionsShared explorationLock speedFull tech treeHidden civsTurbo modeCheats
Victory
Defeat
🇮🇹 Khmer · Italy
1956
+21
🇦🇷 Chinese · Argentina
2070
-21
ITA | MarknighT
5:48 Loom
8:04 Feudal Age
8:33 Double-Bit Axe
18:11 Castle Age
16:17 Horse Collar
16:37 Gold Mining
18:20 Bloodlines
18:16 Scale Barding Armor
peke
0:25 Loom
8:31 Feudal Age
9:17 Double-Bit Axe
9:55 Horse Collar
20:50 Castle Age
Connection lost

Rejoining the realm…

Still unreachable

The connection could not be restored.

Session expired

The server has moved on; the page needs a fresh start.